 Dungeon Crawl Stone Soup version 0.21.1-1-g345015f (webtiles) character file.

56 inc the Ruffian (level 3, -1/28 HPs)
             Began as a Barachi Warper on June 16, 2018.
             Slain by a worker ant (2 damage)
             ... on level 2 of the Dungeon.
             The game lasted 00:02:10 (2191 turns).

inc the Ruffian (Barachi Warper)                    Turns: 2191, Time: 00:02:11

Health: -1/28      AC:  6    Str: 17    XL:     3   Next: 95%
Magic:  6/6        EV: 10    Int: 14    God:
Gold:   58         SH:  0    Dex: 11    Spells: 4/6 levels left

rFire    . . .     SeeInvis .     - Unarmed
rCold    . . .     Gourm    .   (no shield)
rNeg     . . .     Faith    .   n - +0 scale mail
rPois    .         Spirit   .   (no helmet)
rElec    .         Reflect  .   (no cloak)
rCorr    .         Harm     .   (no gloves)
MR       .....                  (no boots)
Stlth    ..........             (no amulet)
HPRegen  0.09/turn              (no ring)
MPRegen  0.10/turn              (no ring)

@: mighty, lethally poisoned (-1 -> -17), hasted, very quick
A: +LOS, swims, slowness 1, strong legs 1
a: Hop


You were on level 2 of the Dungeon.
You were not hungry.

You visited 1 branch of the dungeon, and saw 2 of its levels.

You collected 58 gold pieces.

Inventory:

Missiles
 d - 5 tomahawks of dispersal (quivered)
Armour
 a - a +0 leather armour
 g - a +0 chain mail
 n - a +0 scale mail (worn)
Scrolls
 c - a scroll of blinking
 h - 3 scrolls of remove curse {unknown}
 j - a scroll of amnesia {unknown}
 m - a scroll of enchant armour {unknown}
Potions
 e - a potion of curing {unknown}
 i - a potion of might
 l - a potion of brilliance {unknown}
Books
 b - a book of Spatial Translocations

   Spells                             Type                      Level
   a - Blink                          Translocation                2
   b - Shroud of Golubria             Charms/Translocation         2
   c - Lesser Beckoning               Translocation                3
   d - Gell's Gravitas                Translocation                3
   e - Teleport Other                 Translocation                3
   f - Passage of Golubria            Translocation                4
Comestibles
 f - 3 rations


   Skills:
 - Level 2.4 Fighting
 - Level 1.0 Throwing
 - Level 1.2 Armour
 - Level 2.1 Dodging
 + Level 4.5 Unarmed Combat
 - Level 2.1 Spellcasting
 - Level 3.2 Translocations


You had 4 spell levels left.
You knew the following spells:

 Your Spells              Type           Power        Failure   Level  Hunger
a - Blink                 Tloc           N/A          30%         2    ###....


Dungeon Overview and Level Annotations

Branches:
Dungeon (2/15)

Altars:


Innate Abilities, Weirdness & Mutations

Shadows flee at your approach. (+LOS)
You can swim through water.
You cover ground slowly.
You can hop short distances.


Message History

You are more poisoned.
The worker ant poisons you!
You barely miss the worker ant.
The worker ant is lightly wounded.
* * * LOW HITPOINT WARNING * * *
You feel sick.
The worker ant bites you but does no damage.
You punch the worker ant!
The worker ant is heavily wounded.
* * * LOW HITPOINT WARNING * * *
You feel sick. The worker ant barely misses you.
Unknown command.
It was a potion of might.
You feel very mighty all of a sudden.
* * * LOW HITPOINT WARNING * * *
You feel sick. The worker ant misses you.
It was a potion of haste.
You feel yourself speed up.
* * * LOW HITPOINT WARNING * * *
You feel sick. The worker ant bites you.
You die...

# . ### #. ..#
#.###.# ...#.#
##########
#.#.#.###....†...#
#..a@........###.#
.....[#.##.##.##.#
###. #.##.##.##.#
#>......##.#
####.#####.#
###.#####(#
#.........# #
#.....##### #.
#.....#


You could see a worker ant.

Vanquished Creatures
  2 oozes (D:1)
  A dart slug (D:1)
  A leopard gecko (D:1)
  5 bats
  A giant cockroach (D:1)
  7 goblins
  4 hobgoblins
  10 jackals (D:1)
  2 ball pythons
  A kobold (D:2)
  3 rats (D:1)
37 creatures vanquished.

Notes
Turn   | Place    | Note
-------+----------+-------------------------------------------
     0 | D:1      | inc the Barachi Warper began the quest for the Orb.
     0 | D:1      | Reached XP level 1. HP: 17/17 MP: 3/3
   253 | D:1      | Reached skill level 3 in Unarmed Combat
   253 | D:1      | Reached XP level 2. HP: 11/23 MP: 5/5
   637 | D:1      | Reached XP level 3. HP: 10/28 MP: 6/6
   660 | D:1      | Learned a level 2 spell: Blink
   986 | D:1      | Reached skill level 4 in Unarmed Combat
  2191 | D:2      | HP: 1/28 [poisoned by a worker ant]
  2191 | D:2      | Slain by a worker ant

Skill      XL: |  1  2  3 |
---------------+----------+-----
Unarmed Combat | 3 4 |  4.5
Fighting       | |  2.4
Throwing       | |  1.0
Armour         | |  1.2
Dodging        | |  2.1
Spellcasting   | |  2.1
Translocations | |  3.2

Action                   || total
-------------------------++-------
Melee: Unarmed           ||   154
       Punch             ||     3
 Abil: Hop               ||     1
  Use: Potion            ||     2
 Stab: Distracted        ||     1
  Eat: Ration            ||     1
       Chunk             ||     1
Armor: Leather armour    ||    53
       Scale mail        ||     4
Dodge: Dodged            ||   113
